 Dungeon Crawl Stone Soup version 0.22-a0-280-g69bf1f3 (webtiles) character file.

1208 matakusis the Summoner (level 8, -1/41 HPs)
             Began as a Deep Elf Summoner on Mar 16, 2018.
             Was a Follower of Sif Muna.
             Shot with a sling bullet by Joseph (8 damage)
             ... on level 7 of the Dungeon.
             The game lasted 00:37:12 (6996 turns).

matakusis the Summoner (Deep Elf Summoner)          Turns: 6996, Time: 00:37:16

Health: -1/41      AC:  8    Str:  5    XL:     8   Next: 21%
Magic:  1/29       EV: 13    Int: 23    God:    Sif Muna [*.....]
Gold:   417        SH:  0    Dex: 15    Spells: 5/21 levels left

rFire    . . .     SeeInvis .   q - +4 quarterstaff (chaos)
rCold    . . .     Gourm    .   (shield currently unavailable)
rNeg     . . .     Faith    +   a - +0 robe
rPois    .         Spirit   .   m - +0 helmet
rElec    .         Reflect  .   s - scarf {cloud immunity}
rCorr    .         Harm     .   n - +1 pair of gloves
MR       .....                  (no boots)
Stlth    ++........             i - amulet of faith
HPRegen  0.13/turn              x - ring of magical power
MPRegen  0.21/turn              p - +3 ring of protection

@: very slightly contaminated
A: no striking features
a: Divine Energy, Renounce Religion


You were on level 7 of the Dungeon.
You worshipped Sif Muna.
Sif Muna was aware of your devotion.
You were hungry.

You visited 2 branches of the dungeon, and saw 8 of its levels.
You also visited: Ossuary.

You collected 417 gold pieces.

Inventory:

Hand Weapons
 q - a +4 quarterstaff of chaos (weapon)
 y - a cursed -2 shortbow
Missiles
 d - 147 arrows
Armour
 a - a +0 robe (worn)
 m - a +0 helmet (worn)
 n - a +1 pair of gloves (worn)
 s - a scarf of cloud immunity (worn)
 v - a +0 cloak of invisibility
Jewellery
 f - a +4 ring of evasion
 i - an amulet of faith (around neck)
 p - a +3 ring of protection (right hand)
 x - a ring of magical power (left hand)
Wands
 l - a wand of acid (5)
 t - a wand of polymorph (23)
 B - a wand of iceblast (11)
Scrolls
 g - 2 scrolls of enchant weapon
 h - 7 scrolls of remove curse
 r - 2 scrolls of amnesia
 E - a scroll of fog
 H - a scroll of teleportation
Potions
 b - a potion of haste
 e - 7 potions of curing
 j - 2 potions of lignification
 k - 2 potions of might
 o - 2 potions of ambrosia
 u - 2 potions of invisibility
 w - 3 potions of cancellation
 z - a potion of flight
 A - 2 potions of magic
 C - 2 potions of berserk rage
 F - 2 potions of brilliance {unknown}
 G - a potion of heal wounds {unknown}
 I - a potion of resistance
 J - a potion of mutation {unknown}
Comestibles
 c - 15 rations
 D - 2 chunks of flesh


   Skills:
 - Level 2.4 Dodging
 - Level 2.4 Stealth
 + Level 7.1 Spellcasting
 * Level 3.1 Hexes
 * Level 9.0 Summonings
 * Level 2.7 Ice Magic
 + Level 2.2 Air Magic


You had 5 spell levels left.
You knew the following spells:

 Your Spells              Type           Power        Failure   Level  Hunger
a - Summon Small Mammal   Summ           ####         1%          1    None
b - Call Imp              Summ           #####...     1%          2    None
c - Summon Ice Beast      Ice/Summ       #####...     7%          4    ###....
d - Summon Lightning Spi  Summ/Air       ####....     8%          4    ###....
e - Metabolic Englaciati  Hex/Ice        ###.......   54%         5    #####..


Dungeon Overview and Level Annotations

Branches:
Dungeon (7/15)             Temple (1/1) D:6

Altars:
Ashenzari
Cheibriados
Dithmenos
Fedhas
Hepliaklqana
Makhleb
Okawaru
Qazlal
Ru
Sif Muna
Trog
Uskayaw
Vehumet
Wu Jian
Zin
The Shining One

Annotations:
D:7 Joseph


Message History

You miscast Summon Lightning Spire.
You feel a strange surge of energy!
Joseph shoots a sling bullet.
The sling bullet hits you!
Casting: Summon Lightning Spire (safe; 8% risk of failure)
Confirm with . or Enter, or press ? or * to list all spells.
A beastly little devil appears in a puff of flame.
Joseph shoots a sling bullet.
The sling bullet misses you.
Casting: Call Imp (safe; 1% risk of failure)
Confirm with . or Enter, or press ? or * to list all spells.
A metallic apparition takes form in the air.
Joseph shoots a sling bullet.
The sling bullet hits you!
* * * LOW HITPOINT WARNING * * *
You swap places.
Joseph shoots a sling bullet.
The sling bullet hits your iron imp.
You swap places.
A worker ant zombie comes into view.
Joseph shoots a sling bullet.
The sling bullet closely misses your iron imp.
The sling bullet barely misses your crimson imp.
The sling bullet hits you!
You die...

## #. ###[ #... #.#.
#.#. ##############
#.## #((5(5@.##...#
#.#
#@#####Z##...#######.#
#(# #.......)......#
#.# #.......)#######
#.# ##.......# #.#
###...### #.#
..>...... .#.
........... . .
..#######....


You could see Joseph, a worker ant zombie, a friendly iron imp and a friendly
crimson imp.

Vanquished Creatures
  A mummy (Ossuary)
  2 scorpion zombies (Ossuary)
  2 leopard geckos (D:5)
  2 goblin zombies (Ossuary)
  A quokka zombie (D:6)
  A rat (D:1)
9 creatures vanquished.

Vanquished Creatures (collateral kills)
  Sigmund (D:3)
  An orc warrior (D:5)
  A sky beast (D:5)
  2 phantoms
  An ogre (D:4)
  A centaur (D:6)
  A bullfrog (D:6)
  8 scorpions
  A howler monkey (D:4)
  2 crimson imps
  2 centaur zombies (Ossuary)
  A jelly (D:5)
  A human zombie (Ossuary)
  3 orc priests
  4 orc wizards
  Crazy Yiuf (D:4)
  3 iguanas
  Ijyb (D:4)
  4 worker ants
  2 hound skeletons
  3 mummies
  A worker ant zombie (D:6)
  Robin (D:4)
  9 adders
  4 gnolls
  4 scorpion zombies (Ossuary)
  A shadow imp (D:6)
  4 oozes
  2 adder skeletons (D:4)
  2 worms (D:4)
  A dart slug (D:2)
  4 leopard geckos
  23 orcs
  2 ball pythons
  3 giant cockroaches
  2 gnoll zombies (Ossuary)
  12 goblins
  10 hobgoblins
  7 jackals
  12 kobolds
  2 quokkas
  6 bats
  4 frilled lizards
  4 goblin zombies (Ossuary)
  2 hobgoblin zombies
  2 kobold zombies
  4 orc zombies
  A quokka zombie (D:6)
  7 rats
  A rat zombie (D:6)
181 creatures vanquished.

Grand Total: 190 creatures vanquished

Notes
Turn   | Place    | Note
-------+----------+-------------------------------------------
     0 | D:1      | matakusis the Deep Elf Summoner began the quest for the Orb.
     0 | D:1      | Reached XP level 1. HP: 10/10 MP: 6/6
    77 | D:1      | Reached XP level 2. HP: 15/15 MP: 5/8
    85 | D:1      | Learned a level 2 spell: Call Imp
   198 | D:1      | Reached skill level 5 in Summonings
   508 | D:1      | Reached XP level 3. HP: 17/19 MP: 2/9
  1146 | D:2      | Found a shadowy altar of Dithmenos.
  1721 | D:3      | Reached XP level 4. HP: 24/24 MP: 8/11
  1743 | D:3      | Learned a level 4 spell: Summon Ice Beast
  2125 | D:3      | Found a hide-covered altar of Uskayaw.
  2130 | D:3      | Noticed Sigmund
  2140 | D:3      | Learned a level 4 spell: Summon Lightning Spire
  2907 | D:3      | Killed Sigmund
  2907 | D:3      | Reached skill level 6 in Summonings
  2907 | D:3      | Reached XP level 5. HP: 15/28 MP: 5/13
  3137 | D:4      | Found an iron altar of Okawaru.
  3181 | D:4      | Found a burning altar of Makhleb.
  3182 | D:4      | Found a radiant altar of Vehumet.
  3191 | D:4      | Reached skill level 5 in Spellcasting
  3233 | D:4      | Reached skill level 7 in Summonings
  3256 | D:4      | Noticed a phantom
  3300 | D:4      | Killed a phantom
  3300 | D:4      | Reached XP level 6. HP: 32/32 MP: 1/15
  3503 | D:4      | Reached skill level 1 in Air Magic
  3535 | D:4      | Learned a level 5 spell: Metabolic Englaciation
  3584 | D:4      | Noticed Ijyb
  3591 | D:4      | Killed Ijyb
  3929 | D:4      | Noticed Robin
  3930 | D:4      | Killed Robin
  4035 | D:4      | Found a runed door.
  4090 | D:4      | Noticed Crazy Yiuf
  4094 | D:4      | Killed Crazy Yiuf
  4094 | D:4      | Reached skill level 1 in Ice Magic
  4094 | D:4      | Reached XP level 7. HP: 36/36 MP: 8/17
  4288 | D:5      | Entered Level 5 of the Dungeon
  4288 | D:5      | Found a bloodstained altar of Trog.
  4299 | D:5      | Reached skill level 1 in Hexes
  4415 | D:5      | Reached skill level 8 in Summonings
  4635 | D:5      | Found a deep blue altar of Sif Muna.
  4644 | D:5      | Became a worshipper of Sif Muna the Loreminder
  5465 | D:6      | Found a sand-covered staircase.
  5472 | Ossuary  | Entered an ossuary
  5820 | Ossuary  | Reached * piety under Sif Muna
  5820 | Ossuary  | Reached XP level 8. HP: 12/41 MP: 10/20
  6335 | D:6      | Reached skill level 9 in Summonings
  6528 | D:6      | Found a staircase to the Ecumenical Temple.
  6546 | Temple   | Entered the Ecumenical Temple
  6958 | D:7      | Noticed Joseph
  6996 | D:7      | Shot with a sling bullet by Joseph

Vault maps used:
D:1:      lightli_arrival_flooded_house, minmay_misc_feat_encased,
          minmay_three_crescents
D:2:      grunt_dithmenos_smoke
D:3:      corexii_shack_village, eat_drink_and_be_merry_uskayaw, first_ration,
          uniq_sigmund
D:4:      cheibrodos_barr_body, grunt_temple_overflow_lords_of_destruction,
          kennysheep_little_box, minmay_mini_ossuary, uniq_crazy_yiuf_cottage,
          uniq_robin, uniq_ijyb
D:5:      kennysheep_big_flooded_room, bloody_trog, lemuel_crystal_altar,
          serial_bayou_ford_a, minivault_27
D:6:      temple_statues, enter_ossuary_4
D:7:      cheibrodos_fertilizer, lemuel_doored_altar, uniq_joseph
Temple:   dpeg_three_leaves_temple
Ossuary:  ossuary_minmay_scorpions

Skill      XL: |  1  2  3  4  5  6  7  8 |
---------------+-------------------------+-----
Summonings     | 5 6 7 8 9 |  9.0
Spellcasting   | 4 5 6 7 |  7.1
Air Magic      | 1 2 |  2.2
Ice Magic      | 1 2 |  2.7
Hexes          | 2 3 |  3.1
Dodging        | |  2.4
Stealth        | |  2.4

Action                   |  1- 3 |  4- 6 |  7- 9 || total
-------------------------+-------+-------+-------++-------
Melee: Unarmed           |    26 |    34 |       ||    60
       Quarterstaff      |       |       |    34 ||    34
 Cast: Summon Small Mamm |    31 |       |       ||    31
       Call Imp          |    35 |    42 |     6 ||    83
       Summon Lightning  |       |    20 |    36 ||    56
       Summon Ice Beast  |       |     2 |    20 ||    22
  Use: Scroll            |     5 |     4 |     6 ||    15
       Potion            |     2 |       |     5 ||     7
 Stab: Distracted        |     1 |       |       ||     1
       Sleeping          |     1 |       |     1 ||     2
  Eat: Chunk             |     3 |     8 |    12 ||    23
       Ration            |       |     1 |     1 ||     2
Armor: Robe              |     6 |    10 |     7 ||    23
Dodge: Dodged            |    30 |    59 |    30 ||   119

Table legend:
 A = Spawn XP
 B = Non-spawn XP
 C = Spawn XP percentage of total XP
 D = Spawn monster count
 E = Non-spawn monster count
 F = Spawn count percentage of total count
 G = Total turns spent on level
                    A         B        C        D         E        F      G
               +---------+---------+-------+---------+---------+-------+---------
         Total |       0 |    1727 |   0.0 |       0 |     190 |   0.0 |  6996
               +---------+---------+-------+---------+---------+-------+---------
           D:1 |       0 |      42 |   0.0 |       0 |      30 |   0.0 |   681
           D:2 |       0 |      30 |   0.0 |       0 |      14 |   0.0 |  1189
           D:3 |       0 |     168 |   0.0 |       0 |      30 |   0.0 |  1112
           D:4 |       0 |     493 |   0.0 |       0 |      47 |   0.0 |  1306
           D:5 |       0 |     344 |   0.0 |       0 |      17 |   0.0 |   949
           D:6 |       0 |     258 |   0.0 |       0 |      19 |   0.0 |   818
           D:7 |       0 |      21 |   0.0 |       0 |       3 |   0.0 |   130
       Ossuary |       0 |     371 |   0.0 |       0 |      30 |   0.0 |   725
               +---------+---------+-------+---------+---------+-------+---------
